 Dungeon Crawl Stone Soup version 0.22.1-1-ga44c0e5 (webtiles) character file.

382 amgonnakillyou the Covered (level 6, -2/48 HPs)
             Began as a Barachi Skald on Sept 25, 2018.
             Was an Initiate of Cheibriados.
             Slain by Pikel
             ... wielding a +0 whip of electrocution
              (14 damage)
             ... on level 4 of the Dungeon.
             The game lasted 00:48:42 (4547 turns).

amgonnakillyou the Covered (Barachi Skald)          Turns: 4547, Time: 00:48:43

Health: -2/48      AC:  7    Str: 15    XL:     6   Next: 76%
Magic:  2/11       EV: 12    Int: 15    God:    Cheibriados [......]
Gold:   202        SH:  0    Dex: 12    Spells: 2/11 levels left

rFire    . . .     SeeInvis .   a - +0 falchion
rCold    . . .     Gourm    .   (no shield)
rNeg     . . .     Faith    .   D - +2 robe {MR+}
rPois    .         Spirit   .   (no helmet)
rElec    .         Reflect  .   (no cloak)
rCorr    .         Harm     .   A - +0 pair of gloves (curse)
MR       +....                  (no boots)
Stlth    +.........             (no amulet)
HPRegen  0.16/turn              p - +2 ring of protection
MPRegen  0.12/turn              (no ring)

@: shrouded, very slow
A: +LOS, swims, slowness 1, strong legs 1
a: Hop, Bend Time, Renounce Religion


You were on level 4 of the Dungeon.
You worshipped Cheibriados.
Cheibriados was noncommittal.
You were not hungry.

You visited 2 branches of the dungeon, and saw 5 of its levels.

You collected 202 gold pieces.

Inventory:

Hand Weapons
 a - a +0 falchion (weapon)
 e - a +0 short sword of holy wrath
 C - a +0 battleaxe
Missiles
 h - 43 sling bullets
 k - 41 arrows
 w - 2 stones
 x - 4 tomahawks (quivered)
Armour
 b - a +0 leather armour
 f - a +0 scale mail
 A - a cursed +0 pair of gloves (worn)
 D - a +2 robe of magic resistance (worn)
Jewellery
 p - a +2 ring of protection (left hand)
 y - an uncursed ring of protection from magic {unknown}
Wands
 r - a wand of iceblast (9)
 u - a wand of enslavement (10)
Scrolls
 c - a scroll of teleportation
 i - 2 scrolls of magic mapping {unknown}
 m - a scroll of random uselessness {unknown}
 n - a scroll of fog {unknown}
 o - 3 scrolls of enchant armour {unknown}
 q - a scroll of fear {unknown}
 s - 5 scrolls of identify
 t - a scroll of immolation {unknown}
 z - a scroll of remove curse
 E - a scroll of blinking {unknown}
Potions
 g - 3 potions of heal wounds {unknown}
 j - 2 potions of flight {unknown}
 l - 2 potions of curing {unknown}
 v - 2 potions of magic {unknown}
 B - a potion of berserk rage {unknown}
Comestibles
 d - 6 rations


   Skills:
 + Level 4.0 Fighting
 + Level 3.9 Long Blades
 * Level 4.6 Armour
 - Level 2.1 Dodging
 + Level 3.3 Spellcasting
 * Level 1.1 Hexes
 - Level 4.3 Charms


You had 2 spell levels left.
You knew the following spells:

 Your Spells              Type           Power        Failure   Level  Hunger
a - Infusion              Chrm           ###.         3%          1    None
e - Regeneration          Chrm/Necr      #.........   24%         3    ###....
r - Spectral Weapon       Hex/Chrm       ##......     19%         3    ###....
z - Shroud of Golubria    Chrm/Tloc      #.........   12%         2    ##.....

Your spell library contained the following spells:

 Spells                   Type           Power        Failure   Level  Hunger
 Song of Slaying          Chrm           ###.....     4%          2    ##.....


Dungeon Overview and Level Annotations

Branches:
Dungeon (4/15)             Temple (1/1) D:4

Altars:
Cheibriados
Dithmenos
Elyvilon
Kikubaaqudgha
Makhleb
Nemelex Xobeh
Okawaru
Qazlal
Ru
Sif Muna
Trog
Vehumet
Wu Jian
Yredelemnul
Zin

Annotations:
D:4 Pikel


Innate Abilities, Weirdness & Mutations

Shadows flee at your approach. (+LOS)
You can swim through water.
You cover ground slowly.
You can hop short distances.


Message History

Your spectral weapon barely misses Pikel.
Pikel hits you but does no damage.
You hit Pikel but do no damage.
Your spectral weapon barely misses Pikel.
Pikel closely misses you.
You riposte.
You hit Pikel but do no damage. You hit Pikel but do no damage.
Your spectral weapon hits Pikel but does no damage.
Pikel closely misses you. Pikel hits you but does no damage.
You are electrocuted!
* * * LOW HITPOINT WARNING * * *
You closely miss Pikel.
Your skin stops crawling.
Your spectral weapon closely misses Pikel.
Your shroud bends Pikel's attack away.
You closely miss Pikel.
Your spectral weapon closely misses Pikel.
Pikel hits you with a whip of electrocution.
* * * LOW HITPOINT WARNING * * *
You are electrocuted!
You die...

#............)......#
#.#
..######.<.8>8...)..#
#.# .##
###.####....## #.# .#
#.# #.#.#########.###
.# #.#
#.#.)...........# .#
#.# #.##########....#
.# #.# #.# ##.....###
.# #.# #.##
#.........
.#########.# #(@#
##.....###
...........#####K#
##.....#
.###...........#p#
##.##.# .#
#.#########.#p#
####.# .###.# #.#p#
#####.# .....# #.#p#
#.....# ###### #.#.#
#.##### #.#.# #.#
#.#.# #.#


You could see Pikel, 4 slaves and a friendly spectral falchion.

Vanquished Creatures
  Blork the orc (D:4)
  Natasha (thrice) (D:3)
  2 worker ants (D:4)
  A hound skeleton (D:4)
  2 gnolls (D:4)
  6 adders
  3 oozes
  3 dart slugs
  2 leopard geckos
  7 orcs
  10 bats
  3 giant cockroaches
  A goblin (D:1)
  7 hobgoblins
  4 jackals (D:1)
  15 kobolds
  A ball python (D:1)
  3 frilled lizards
  4 rats
78 creatures vanquished.

Vanquished Creatures (collateral kills)
  2 gnolls (D:4)
2 creatures vanquished.

Vanquished Creatures (others)
  A spectral weapon (D:4)
1 creature vanquished.

Grand Total: 81 creatures vanquished

Notes
Turn   | Place    | Note
-------+----------+-------------------------------------------
     0 | D:1      | amgonnakillyou the Barachi Skald began the quest for the
                  | Orb.
     0 | D:1      | Reached XP level 1. HP: 17/17 MP: 3/3
    58 | D:1      | Reached XP level 2. HP: 10/23 MP: 0/5
   463 | D:1      | Learned a level 2 spell: Shroud of Golubria
   708 | D:1      | Reached XP level 3. HP: 19/28 MP: 0/6
  1377 | D:2      | Found an ornate altar of the Wu Jian Council.
  1801 | D:2      | Found a sacrificial altar of Ru.
  1851 | D:2      | Reached XP level 4. HP: 35/35 MP: 5/8
  2371 | D:3      | Learned a level 3 spell: Regeneration
  2621 | D:3      | Noticed Natasha
  2642 | D:3      | Killed Natasha
  2642 | D:3      | Reached XP level 5. HP: 11/41 MP: 2/9
  2872 | D:3      | Learned a level 3 spell: Spectral Weapon
  2988 | D:3      | Noticed Natasha
  2999 | D:3      | Killed Natasha
  3071 | D:3      | Noticed Natasha
  3080 | D:3      | Killed Natasha
  3166 | D:3      | Found a bloodstained altar of Trog.
  3403 | D:4      | Found a staircase to the Ecumenical Temple.
  3487 | D:4      | Reached XP level 6. HP: 10/47 MP: 0/10
  3714 | Temple   | Entered the Ecumenical Temple
  3726 | Temple   | Became a worshipper of Cheibriados the Contemplative
  3875 | D:4      | Found a burning altar of Makhleb.
  4349 | D:4      | Noticed Blork the orc
  4365 | D:4      | Killed Blork the orc
  4365 | D:4      | Reached skill level 1 in Hexes
  4522 | D:4      | Noticed a slave
  4525 | D:4      | Noticed Pikel
  4525 | D:4      | Noticed a slave
  4525 | D:4      | Noticed a slave
  4526 | D:4      | Noticed a slave
  4547 | D:4      | Slain by Pikel

Skill      XL: |  1  2  3  4  5  6 |
---------------+-------------------+-----
Armour         | 2 3 4 |  4.6
Fighting       | 3 4 |  4.0
Long Blades    | 3 |  3.9
Spellcasting   | 3 |  3.3
Charms         | 4 |  4.3
Hexes          | 1 |  1.1
Dodging        | |  2.1

Action                   |  1- 3 |  4- 6 || total
-------------------------+-------+-------++-------
Melee: Falchion          |   119 |   144 ||   263
Throw: Stone             |    14 |    36 ||    50
       Tomahawk          |       |     9 ||     9
 Cast: Infusion          |    13 |     8 ||    21
       Shroud of Golubri |     9 |    22 ||    31
       Regeneration      |       |     6 ||     6
       Spectral Weapon   |       |     5 ||     5
 Abil: Hop               |       |     2 ||     2
Evoke: Wand              |       |     1 ||     1
  Use: Scroll            |     4 |       ||     4
  Eat: Chunk             |     5 |     8 ||    13
       Ration            |       |     2 ||     2
Armor: Leather armour    |    45 |    37 ||    82
       Robe              |       |     3 ||     3
Dodge: Dodged            |    96 |   117 ||   213
       Rpst.: Falchion   |    25 |    34 ||    59
